 Dungeon Crawl Stone Soup version 0.27.1-34-g3ba077fa99 (webtiles) character file.

Game seed: 3835519714408405462

21 Ijustatesigmund the Skirmisher (level 2, -4/20 HPs)
             Began as a Gargoyle Fighter on Jan 27, 2022.
             Slain by Natasha (6 damage)
             ... on level 2 of the Dungeon.
             The game lasted 00:01:17 (686 turns).

Ijustatesigmund the Skirmisher (Gargoyle Fighter)    Turns: 686, Time: 00:01:18

Health: -4/20      AC:  9    Str: 19    XL:     2   Next: 87%
Magic:  2/2        EV:  7    Int:  8    God:
Gold:   29         SH:  9    Dex:  9    Spells: 1/1 levels left

rFire    . . .     SeeInvis .   a - +0 flail
rCold    . . .     Faith    .   c - +0 kite shield
rNeg     + . .     Spirit   .   b - +0 scale mail
rPois    ∞         Reflect  .   (no helmet)
rElec    +         Harm     .   (no cloak)
rCorr    .         Rampage  .   (no gloves)
Will     .....                  (no boots)
Stlth    ..........             (no amulet)
HPRegen  0.06/turn              (no ring)
MPRegen  0.08/turn              (no ring)

@: mighty
A: sickness immunity, AC +2, negative energy resistance 1, electricity
resistance, torment resistance 1, petrification resistance
a: no special abilities


You were on level 2 of the Dungeon.
You visited 1 branch of the dungeon, and saw 2 of its levels.

You collected 29 gold pieces.

Inventory:

Hand Weapons
 a - a +0 flail (weapon)
Armour
 b - a +0 scale mail (worn)
 c - a +0 kite shield (worn)
Scrolls
 e - 2 scrolls of teleportation {unknown}


   Skills:
 + Level 3.6 Fighting
 * Level 2.9 Maces & Flails
 - Level 3.2 Armour
 - Level 3.2 Shields


You had one spell level left.
You didn't know any spells.
Your spell library was empty.

Dungeon Overview and Level Annotations

Branches:
Dungeon (2/15)

Altars:

Annotations:
D:2 Natasha


Innate Abilities, Weirdness & Mutations

You are immune to sickness and miasma.
Your stone body is resilient. (AC +2)
You are immune to poison.
You resist negative energy. (rN+)
You are resistant to electric shocks. (rElec)
You are resistant to unholy torment.
You are immune to petrification.


Message History

You barely miss Natasha.
Natasha is lightly wounded.
Natasha stares at you and mumbles some strange words.
The magic dart hits you. You block Natasha's attack.
You completely miss Natasha.
Natasha is lightly wounded.
Natasha claws you.
You hit Natasha.
Natasha is moderately wounded.
Natasha claws you. Natasha claws you but does no damage.
You are too injured to fight recklessly!
You are too injured to fight recklessly!
You are too injured to fight recklessly!
You are too injured to fight recklessly!
You are too injured to fight recklessly!
You are too injured to fight recklessly!
You are too injured to fight recklessly!
You are too injured to fight recklessly!
You are too injured to fight recklessly!
You are too injured to fight recklessly!
You are too injured to fight recklessly!
You hit Natasha.
Natasha is severely wounded.
Natasha stares at you and mumbles some strange words.
The magic dart hits you!
* * * LOW HITPOINT WARNING * * *
You feel very mighty all of a sudden. Natasha closely misses you.
You barely miss Natasha.
Natasha is severely wounded.
Natasha wildly gestures.
Natasha's front paws start to glow.
You block Natasha's attack.
Natasha mumbles some strange words.
Natasha glows brightly for a moment.
Natasha casts a spell.
Your shield prevents you from hitting Natasha.
Natasha is severely wounded.
Natasha claws you.
You die...

##########
##.......$#
##.........#
#......<...#
#...>.5....#
#...<.@h...#
############


You could see Natasha and a crimson imp (summoned).

Vanquished Creatures
  A dart slug (D:1)
  A ball python (D:1)
  3 endoplasms (D:1)
  A giant cockroach (D:1)
  5 goblins (D:1)
  A bat (D:1)
  2 frilled lizards (D:1)
  2 kobolds (D:1)
  A rat (D:1)
17 creatures vanquished.

Notes
Turn   | Place    | Note
-------+----------+-------------------------------------------
     0 | D:1      | Ijustatesigmund the Gargoyle Fighter began the quest for
                  | the Orb.
     0 | D:1      | Reached XP level 1. HP: 14/14 MP: 1/1
   120 | D:1      | Reached XP level 2. HP: 19/19 MP: 2/2
   474 | D:2      | Noticed Natasha
   683 | D:2      | HP: 1/20 [Natasha/magic dart (8)]
   686 | D:2      | Noticed a crimson imp
   686 | D:2      | Slain by Natasha

Illustrated notes

Levels and vault maps discovered:
D:1:      roderic_dead_forest, layout_rooms, minmay_misc_feat_alley
D:2:      minmay_alternating_diamond, layout_rooms,
          shapermc_ecumenical_altar_venn, basic_altar, uniq_natasha

Action                   || total
-------------------------++-------
Melee: Flail             ||    45
  Use: Potion            ||     1
Armor: Scale mail        ||    19
Dodge: Dodged            ||    16
Block: Kite shield       ||    22
